 Dungeon Crawl Stone Soup version 0.30-a0-292-g0f741e3f8e (webtiles) character file.

Game seed: 18145983116127714588

45 plokij the Shield-Bearer (level 3, 0/33 HPs)
             Began as a Minotaur Fighter on Oct 17, 2022.
             Slain by a rat (2 damage)
             ... on level 2 of the Dungeon.
             The game lasted 00:03:40 (1122 turns).

plokij the Shield-Bearer (Minotaur Fighter)         Turns: 1122, Time: 00:03:41

Health: 0/33       AC:  7    Str: 20    XL:     3   Next: 42%
Magic:  0/2        EV:  9    Int:  5    God:
Gold:   120        SH:  4    Dex: 11    Spells: 2/2 levels left

rFire   . . .      SeeInvis .    a - +0 long sword
rCold   . . .      Faith    .    c - +0 buckler
rNeg    . . .      Spirit   +    b - +0 scale mail
rPois   .          Reflect  .    (helmet restricted)
rElec   .          Harm     .    (no cloak)
rCorr   .          Rampage  .    (no gloves)
Will    .....                    (no boots)
Stlth   ..........               l - amulet of guardian spirit
HPRegen 0.25/turn                (no ring)
MPRegen 0.08/turn                (no ring)

@: no status effects
A: horns 2, retaliatory headbutt
a: no special abilities


You were on level 2 of the Dungeon.
You visited 1 branch of the dungeon, and saw 2 of its levels.

You collected 120 gold pieces.

Inventory:

Hand Weapons
 a - a +0 long sword (weapon)
Armour
 b - a +0 scale mail (worn)
 c - a +0 buckler (worn)
Jewellery
 l - an amulet of guardian spirit (around neck)
Scrolls
 e - a scroll of teleportation {unknown}
 f - 2 scrolls of enchant armour {unknown}
 h - 3 scrolls of identify {unknown}
 k - a scroll of vulnerability {unknown}
Potions
 d - a potion of might
 g - a potion of lignification {unknown}
 i - a potion of curing {unknown}
 j - a potion of flight {unknown}


   Skills:
 + Level 4.0 Fighting
 + Level 3.0 Long Blades
 + Level 4.0 Armour
 + Level 1.2 Dodging
 + Level 4.1 Shields


You had 2 spell levels left.
You didn't know any spells.
Your spell library contained the following spells:

 Spells                   Type           Power      Damage    Failure   Level
 Dazzling Flash           Conj/Hex       0%         N/A       99%         3
 Ozocubu's Armour         Ice            0%         N/A       99%         3
 Iskenderun's Mystic Bla  Conj/Tloc      0%         2d3       100%        4
 Metabolic Englaciation   Hex/Ice        0%         N/A       100%        5
 Simulacrum               Ice/Necr       0%         N/A       100%        6
 Starburst                Conj/Fire      0%         6d3       100%        6


Dungeon Overview and Level Annotations

Branches:
Dungeon (2/15)

Altars:

Shops:
D:1 ((

Annotations:
D:2 Sigmund


Innate Abilities, Weirdness & Mutations

You have a pair of horns on your head.
You reflexively headbutt those who attack you in melee.


Message History

The kobold shouts!
Sigmund gestures wildly while chanting.
Sigmund flickers and vanishes!
Deactivating autopickup; reactivate with Ctrl-A.
Something completely misses you.
You miss something. Something hits you but does no damage.
A ball python comes into view.
You miss something.
The ball python hisses angrily.
Something hits you.
A rat comes into view.
You block the kobold's attack.
You miss something. Something hits you. The kobold barely misses you.
You miss something. Your headbutt misses something.
You hear some strange, mumbled words.
A puff of flame appears from out of thin air!
The puff of flame hits you but does no damage.
The kobold hits you but does no damage.
You barely miss something. Your headbutt misses something. Something hits you!
The kobold hits you but does no damage. The ball python misses you.
You furiously retaliate!
You headbutt the ball python.
You kill the ball python!
You barely miss something. Your headbutt misses something.
The kobold hits you but does no damage. Something hits you.
The kobold hits you but does no damage.
You closely miss something. Your headbutt misses something.
The kobold hits you but does no damage. You block something's attack.
You barely miss something. The kobold barely misses you.
You furiously retaliate!
You headbutt the kobold. Something hits you.
You closely miss something. Your headbutt misses something.
The rat closely misses you. The kobold hits you with a +0 dagger.
* * * LOW HITPOINT WARNING * * *
The rat misses you. The kobold barely misses you.
Something hits you but does no damage.
You barely miss something. The rat barely misses you. You furiously retaliate!
You headbutt the rat. You block the kobold's attack.
You closely miss something. Your headbutt misses something. Something hits you!
* * * LOW HITPOINT WARNING * * *
The rat bites you.
You die...

..... ......
####+##.... #........#
########
#........#####.......
#....................
#..{rK...............
#...@................
#...(................
#.....................
#...######............
#... #.####.......
#... #.# #....... #..
#.# ####.### #.. #.#
#.# #.# #.#


You could see a kobold and a rat.

Vanquished Creatures
  3 dart slugs (D:1)
  3 bats
  2 endoplasms (D:1)
  12 giant cockroaches
  2 goblins
  3 hobgoblins
  A quokka (D:2)
  4 ball pythons
  A frilled lizard (D:2)
  2 kobolds (D:2)
  A rat (D:2)
34 creatures vanquished.

Notes
Turn   | Place    | Note
-------+----------+-------------------------------------------
     0 | D:1      | plokij the Minotaur Fighter began the quest for the Orb.
     0 | D:1      | Reached XP level 1. HP: 19/19 MP: 0/0
    70 | D:1      | Found Nuoggak's Weapon Shoppe.
   106 | D:1      | Reached XP level 2. HP: 26/27 MP: 1/1
   190 | D:1      | Found Boshahiw's Jewellery Emporium.
   366 | D:1      | Found Xorohon's Weapon Emporium.
   815 | D:2      | Reached skill level 1 in Dodging
   857 | D:2      | Reached XP level 3. HP: 33/33 MP: 2/2
  1107 | D:2      | Noticed Sigmund
  1122 | D:2      | Slain by a rat

Illustrated notes

Levels and vault maps discovered:
D:1:      dpeg_arrival_more_subterranean_lakeside_camping, layout_basic,
          serial_shops, nicolae_lakefront_shop,
          nicolae_shop_bloodbath_and_beyond, shop_statue
D:2:      minmay_roachtagon, layout_basic, minmay_domino_4, uniq_sigmund

Skill      XL: |  1  2  3 |
---------------+----------+-----
Dodging        | 1 |  1.2
Shields        | 4 |  4.1
Armour         | 4 |  4.0
Fighting       | 4 |  4.0
Long Blades    | 3 |  3.0

Action                   || total
-------------------------++-------
Melee: Long sword        ||    87
       Headbutt          ||     7
Armor: Scale mail        ||    70
Dodge: Dodged            ||    73
Block: Buckler           ||    26

Table legend: (Time is in decaauts)
 A = Elapsed time spent in this place.
 B = Non-inter-level travel time spent in this place.
 C = Inter-level travel time spent in this place.
 D = Time resting spent in this place.
 E = Time spent auto-exploring this place.
 F = Levels seen in this place.
 G = Mean time per level.
                   A        B        C        D        E       F      G
               +--------+--------+--------+--------+--------+-----+--------+
         Total |   1148 |   1019 |    129 |      0 |    766 |   2 |  574.0 |
       Dungeon |   1148 |   1019 |    129 |      0 |    766 |   2 |  574.0 |
               +--------+--------+--------+--------+--------+-----+--------+

Top non-repeatable levels by time:
     D:1: 823 daAuts
     D:2: 325 daAuts
